Map: Orbital Shipyard

Players

BIGBOY (Patience)

  • Race: Protoss Protoss
  • League: Master

RepMeaSt (Semper) - Winner!

  • Race: Terran Terran
  • League: Master

Event: Team Gravity's Fight Night #36

VOD

https://youtu.be/0fvoiOR0kIU?t=4m12s

Description

Time

  • Played on: Oct. 25, 2015, 6:57 p.m.
  • Length: 19:40

All games in this series

Show
View Real Time Build Order
Export as new Build Order

BIGBOY Protoss 

Build Orders: 1 Gate Expand 

Get SALT Encoding   

  12  0:02  Probe (Chrono Boost)  
  13  0:12  Probe (Chrono Boost)  
  14  0:18  Pylon  
  14  0:23  Probe (Chrono Boost)  
  15  0:36  Probe (Chrono Boost)  
  15  0:39  Gateway  
  16  0:43  Assimilator  
  16  0:47  Probe (Chrono Boost)  
  17  0:58  Probe (Chrono Boost)  
  18  1:08  Probe (Chrono Boost)  
  19  1:19  Probe (Chrono Boost)  
  19  1:24  Nexus  
  20  1:33  Cybernetics Core  
  20  1:35  Probe (Chrono Boost)  
  21  1:43  Assimilator  
  21  1:46  Probe (Chrono Boost)  
  22  1:53  Pylon  
  22  1:58  Probe (Chrono Boost)  
  23  2:12  Mothership Core (Chrono Boost), Adept  
  27  2:30  Probe (Chrono Boost)  
  27  2:33  Robotics Facility  
  28  2:40  Probe (Chrono Boost)  
  28  2:41  Probe (Chrono Boost)  
  28  2:42  Warp Gate  
  30  2:50  Probe (Chrono Boost)  
  32  2:51  Probe (Chrono Boost)  
  32  3:01  Probe (Chrono Boost)  
  32  3:02  Probe (Chrono Boost)  
  34  3:06  Nexus  
  34  3:12  Probe x2 (Chrono Boost)  
  36  3:14  Sentry  
  38  3:22  Probe (Chrono Boost)  
  38  3:23  Observer  
  40  3:27  Probe (Chrono Boost)  
  40  3:30  Pylon  
  40  3:33  Pylon  
  41  3:35  Probe (Chrono Boost)  
  41  3:38  Probe (Chrono Boost)  
  43  3:45  Probe (Chrono Boost)  
  43  3:47  Observer  
  45  3:48  Probe (Chrono Boost)  
  45  3:54  Assimilator  
  46  3:56  Probe (Chrono Boost)  
  46  3:58  Assimilator  
  46  3:59  Probe (Chrono Boost)  
  46  4:00  Twilight Council  
  46  4:01  Forge  
  48  4:06  Probe (Chrono Boost)  
  48  4:09  Warp Prism  
  52  4:10  Probe (Chrono Boost)  
  53  4:17  Probe (Chrono Boost), Gateway  
  53  4:22  Probe x2 (Chrono Boost)  
  55  4:27  Gateway, Probe (Chrono Boost)  
  56  4:32  Gateway  
  56  4:34  Probe (Chrono Boost)  
  56  4:35  Probe (Chrono Boost)  
  56  4:38  Probe (Chrono Boost)  
  59  4:45  Probe (Chrono Boost)  
  60  4:46  Probe (Chrono Boost)  
  60  4:48  Probe (Chrono Boost)  
  60  4:50  Observer  
  60  4:52  Protoss Ground Weapons Level 1 (Chrono Boost)  
  63  4:55  Probe (Chrono Boost), Blink  
  63  4:56  Probe (Chrono Boost)  
  63  4:59  Probe (Chrono Boost)  
  66  5:06  Probe (Chrono Boost)  
  68  5:07  Probe (Chrono Boost), Adept  
  68  5:09  Probe (Chrono Boost)  
  68  5:13  Robotics Bay  
  71  5:15  Pylon  
  71  5:16  Probe (Chrono Boost)  
  71  5:17  Probe (Chrono Boost)  
  71  5:20  Probe (Chrono Boost), Pylon  
  71  5:21  Pylon  
  74  5:27  Probe (Chrono Boost)  
  75  5:30  Pylon  
  75  5:31  Probe (Chrono Boost)  
  75  5:34  Observer  
  78  5:35  Probe (Chrono Boost)  
  78  5:37  Adept x3  
  78  5:39  Adept  
  86  5:43  Pylon  
  86  5:45  Probe (Chrono Boost)  
  86  5:46  Probe (Chrono Boost), Pylon x2  
  86  5:48  Pylon  
  88  5:58  Disruptor  
  91  6:09  Probe x2 (Chrono Boost)  
  85  6:13  Gateway  
  85  6:15  Gateway  
  85  6:20  Gateway  
  85  6:22  Gateway  
  85  6:23  Gateway x2  
  85  6:25  Pylon  
  85  6:26  Pylon, Photon Cannon  
  85  6:27  Sentry  
  85  6:28  Sentry, Pylon  
  85  6:29  Sentry, Pylon  
  85  6:31  Pylon x2  
  85  6:32  Assimilator  
  91  6:36  Disruptor  
  91  6:37  Assimilator  
  91  6:38  Adept  
  93  6:43  Resonating Glaives  
  93  6:47  Probe x3  
  98  6:53  Colossus  
  98  6:54  Gateway  
  99  6:55  Protoss Ground Weapons Level 2 (Chrono Boost)  
  99  6:56  Gateway  
  99  7:01  Photon Cannon  
  99  7:05  Pylon  
  99  7:14  Disruptor  
  99  7:15  Stalker x2  
  101  7:16  Stalker x3  
  112  7:28  Pylon x2  
  112  7:29  Stargate  
  110  7:30  Pylon  
  110  7:32  Pylon  
  110  7:41  Stalker x5  
  117  7:47  Observer  
  118  7:54  Adept x3  
  124  8:01  Photon Cannon  
  124  8:02  Pylon x2  
  124  8:08  Pylon  
  124  8:09  Adept  
  124  8:10  Adept x2  
  124  8:11  Pylon  
  130  8:13  Photon Cannon  
  130  8:15  Observer  
  130  8:16  Photon Cannon  
  127  8:22  Pylon  
  127  8:25  Stargate  
  125  8:27  Fleet Beacon  
  124  8:35  Nexus  
  124  8:37  Pylon  
  124  8:42  Disruptor  
  125  8:50  Pylon  
  125  8:52  Pylon  
  125  8:53  Pylon  
  125  8:55  Pylon  
  125  8:59  Nexus  
  125  9:03  Nexus  
  125  9:04  Adept x2  
  125  9:05  Adept  
  131  9:17  Tempest x2 (Chrono Boost)  
  139  9:41  Adept x5  
  139  9:42  Adept  
  139  9:44  Protoss Ground Weapons Level 3 (Chrono Boost)  
  151  9:48  Probe x3  
  151  9:51  Assimilator  
  152  9:56  Assimilator  
  148  10:00  Probe x3  
  148  10:01  Observer  
  148  10:03  Photon Cannon  
  157  10:12  Probe x3  
  160  10:14  Adept  
  160  10:15  Adept x2  
  160  10:19  Tempest (Chrono Boost)  
  170  10:24  Probe  
  171  10:32  Tempest (Chrono Boost)  
  175  10:37  Adept x4  
  178  11:00  Stalker x4  
  182  11:09  Tempest x2 (Chrono Boost)  
  182  11:10  Photon Cannon  
  190  11:12  Photon Cannon  
  190  11:18  Photon Cannon  
  190  11:20  Pylon  
  190  11:21  Photon Cannon  
  188  11:36  Adept x5  
  188  11:37  Adept  
  194  11:55  Stalker x3  
  194  11:56  Stalker x2  
  196  12:16  Adept x2  
  196  12:17  Protoss Ground Armor Level 1 (Chrono Boost)  
  196  12:20  Photon Cannon  
  200  12:23  Dark Shrine  
  200  12:25  Gateway  
  200  12:27  Gateway  
  200  12:29  Gateway  
  200  12:31  Gateway  
  200  12:36  Pylon x2  
  200  12:40  Charge  
  200  12:54  Nexus  
  200  12:57  Pylon  
  166  13:10  Stalker x4  
  166  13:11  Stalker x5  
  145  13:15  Disruptor  
  129  13:20  Templar Archives  
  129  13:21  Nexus  
  129  13:26  Zealot x3  
  126  13:31  Mothership Core  
  128  13:37  Pylon  
  128  13:41  Sentry x2  
  128  13:42  Sentry x4  
  128  13:45  Dark Templar  
  128  13:46  Dark Templar  
  144  13:59  Psionic Storm  
  144  14:07  Probe  
  144  14:08  Probe x2  
  141  14:19  High Templar x5  
  141  14:20  High Templar  
  141  14:22  Probe x3  
  141  14:23  Probe x2, Assimilator  
  158  14:27  Disruptor, Assimilator  
  158  14:34  Probe  
  162  14:42  High Templar x2  
  162  14:43  Photon Cannon  
  166  14:46  Photon Cannon  
  166  14:47  Photon Cannon  
  166  14:50  Photon Cannon  
  166  14:51  Pylon  
  166  14:53  Probe x3, Pylon  
  166  14:54  Pylon  
  166  14:57  Pylon  
  166  14:59  Disruptor  
  169  15:00  Robotics Facility  
  170  15:08  High Templar x2  
  170  15:11  Photon Cannon  
  172  15:34  Pylon  
  171  15:38  Tempest  
  171  15:40  Tempest  
  171  15:46  Protoss Air Weapons Level 1  
  171  15:49  Adept x4  
  187  15:50  Adept x4  
  187  15:52  Pylon  
  195  16:02  Dark Templar x2  
  199  16:05  Observer  
  192  16:31  Stalker x4  
  200  16:35  Archon x2  
  200  16:36  Archon  
  200  16:37  Disruptor  
  200  16:39  Tempest x2  
  167  16:59  Stalker x4  
  167  17:00  Adept x4  
  143  17:25  Dark Templar x3  
  130  17:44  Nexus  
  130  17:45  High Templar x4  
  130  17:48  Stalker  
  130  17:49  Stalker x4  
  118  18:22  Adept x2  
  118  18:23  Adept x6  
  118  18:24  Adept x2  
  114  18:45  High Templar x3  
  114  18:47  Zealot x3, High Templar  
  128  18:52  Pylon  
  128  18:56  Gateway  
  128  18:58  Gateway  
  128  19:00  Gateway  
  128  19:02  Gateway  
  128  19:06  Pylon x2  
  128  19:07  Gateway  
  128  19:08  Pylon  
Show
View Real Time Build Order
Export as new Build Order

RepMeaSt Terran - Winner!

Build Orders: Command Center First (CC), MMM Bio 

Get SALT Encoding   

  12  0:00  SCV  
  13  0:13  SCV  
  14  0:17  Supply Depot  
  14  0:25  SCV  
  15  0:39  SCV  
  16  0:51  SCV  
  17  0:59  Command Center  
  17  1:03  SCV  
  18  1:13  Barracks  
  18  1:17  SCV  
  19  1:28  Barracks  
  19  1:31  SCV  
  20  1:43  SCV  
  21  2:00  Marine, Orbital Command  
  22  2:16  Orbital Command  
  22  2:17  Marine  
  22  2:20  Barracks  
  22  2:21  Marine  
  24  2:23  Refinery  
  24  2:25  SCV  
  24  2:28  Refinery  
  25  2:36  Marine  
  26  2:37  SCV  
  26  2:40  Marine  
  26  2:43  Bunker  
  29  2:44  SCV  
  29  2:49  SCV  
  30  2:56  SCV  
  31  3:01  Barracks Tech Lab  
  31  3:02  Marine  
  31  3:03  Supply Depot, SCV  
  33  3:11  SCV  
  34  3:16  SCV, Marine  
  36  3:20  Marine  
  36  3:22  Stimpack, Marine  
  36  3:25  SCV  
  39  3:29  Supply Depot  
  39  3:33  SCV  
  40  3:36  Marine  
  40  3:37  SCV  
  40  3:38  Marine  
  40  3:41  Marine  
  43  3:47  SCV  
  44  3:50  Command Center  
  44  3:56  SCV  
  44  3:57  Factory  
  44  3:59  SCV  
  46  4:03  Barracks Reactor, Supply Depot  
  46  4:05  Marine  
  46  4:08  SCV  
  48  4:11  SCV  
  48  4:12  Refinery  
  48  4:13  Marine  
  50  4:19  Engineering Bay  
  50  4:20  SCV  
  50  4:23  SCV  
  52  4:26  Supply Depot  
  52  4:28  Barracks Tech Lab  
  52  4:32  SCV, Marauder  
  55  4:38  SCV  
  55  4:42  Starport, Factory Reactor  
  55  4:44  Marine x2  
  58  4:45  SCV  
  58  4:46  Terran Infantry Weapons Level 1  
  58  4:51  SCV  
  62  4:53  Marauder  
  62  4:58  SCV  
  63  5:02  Marauder  
  63  5:03  SCV, Orbital Command  
  66  5:07  Refinery  
  66  5:08  Marine  
  66  5:09  Marine  
  66  5:12  Supply Depot  
  68  5:15  SCV  
  68  5:17  Marauder  
  72  5:21  SCV  
  72  5:25  Combat Shields, Factory Reactor  
  72  5:26  Medivac  
  72  5:28  SCV  
  75  5:31  Supply Depot  
  75  5:32  SCV  
  75  5:34  Orbital Command  
  75  5:35  Medivac  
  78  5:41  Marine x2  
  80  5:46  Missile Turret  
  80  5:47  Marauder x2  
  84  5:52  SCV, Supply Depot  
  84  5:53  Supply Depot, Liberator  
  84  5:55  SCV  
  86  6:00  Marine  
  81  6:09  Marauder  
  86  6:12  Medivac  
  86  6:16  SCV x2  
  90  6:24  SCV  
  91  6:28  SCV x2  
  91  6:29  Widow Mine x2  
  91  6:30  Supply Depot  
  91  6:32  Supply Depot  
  97  6:35  Marine x2  
  97  6:36  Marauder  
  97  6:37  SCV  
  102  6:40  SCV  
  102  6:46  Barracks  
  103  6:49  Marine  
  103  6:50  Barracks  
  103  6:53  Marine x2  
  105  6:56  Medivac  
  105  6:57  Marauder  
  105  7:00  Widow Mine x2  
  113  7:04  SCV x3  
  113  7:07  Marine  
  113  7:08  Supply Depot, Terran Infantry Armor Level 1  
  117  7:10  Marine  
  117  7:11  Marine  
  119  7:18  Marauder  
  119  7:20  SCV x2  
  123  7:23  SCV  
  123  7:25  Marine  
  123  7:28  Refinery, Marine  
  123  7:29  Marine  
  126  7:31  Supply Depot, Medivac  
  126  7:32  Armory, SCV  
  126  7:33  Engineering Bay  
  126  7:34  SCV  
  130  7:39  Marine  
  130  7:41  Marine  
  116  7:45  Marauder, Marine  
  116  7:46  Marine  
  116  7:48  SCV x2  
  116  7:49  SCV  
  116  7:50  Widow Mine x2  
  127  7:51  Marine  
  127  7:53  Medivac  
  127  7:58  Marauder  
  132  7:59  Supply Depot  
  132  8:00  Supply Depot, SCV  
  132  8:01  SCV x2  
  132  8:04  Barracks Reactor, Barracks Tech Lab  
  135  8:11  Command Center  
  135  8:12  SCV  
  136  8:15  Supply Depot  
  136  8:21  Concussive Shells, Marine x2  
  136  8:22  Marine, Marauder  
  136  8:23  Marauder  
  142  8:27  Supply Depot  
  142  8:29  SCV x2  
  142  8:31  Supply Depot  
  142  8:32  Refinery  
  144  8:37  Medivac  
  144  8:39  Marine x2  
  144  8:40  Marauder  
  150  8:42  Marine  
  150  8:45  Marine  
  150  8:46  Marine, Marauder  
  150  8:47  Widow Mine  
  155  8:53  SCV x2  
  157  8:56  Supply Depot  
  157  8:57  Marine  
  157  8:58  Marine  
  157  9:01  Marauder  
  157  9:02  Marauder  
  161  9:03  Marine  
  161  9:04  Marine  
  161  9:09  Marauder  
  162  9:13  Widow Mine  
  162  9:14  Medivac  
  162  9:15  Terran Infantry Armor Level 2, Terran Infantry Weapons Level 2, Marine  
  162  9:16  Marine  
  165  9:17  Terran Ship Weapons Level 1  
  165  9:19  Starport  
  165  9:20  Marine  
  165  9:22  Marauder, Marine  
  165  9:23  Marauder  
  169  9:31  Marauder  
  170  9:32  Marine  
  170  9:35  Marine  
  165  9:38  Marine  
  165  9:39  Marine  
  165  9:43  Marine  
  165  9:44  Marauder  
  170  9:50  Marine  
  170  9:52  Marauder  
  173  9:53  Marine  
  173  9:56  Marine  
  173  9:59  Marine  
  172  10:01  Marauder  
  172  10:05  Marine, Starport Reactor  
  175  10:07  Medivac x2  
  175  10:08  Marine  
  175  10:10  Marine, Starport Tech Lab  
  175  10:14  Fusion Core, Marauder  
  178  10:15  Marine  
  178  10:17  Marine  
  178  10:18  Planetary Fortress  
  178  10:19  SCV x2  
  179  10:23  Marauder  
  179  10:24  Command Center, Marauder  
  179  10:26  Marine  
  184  10:28  Marine  
  184  10:30  SCV  
  184  10:31  SCV x2  
  184  10:33  Marine  
  184  10:34  Marine  
  184  10:35  Marauder  
  190  10:42  SCV  
  191  10:44  Marauder  
  191  10:47  Viking x3  
  199  10:50  Marine  
  199  10:51  Starport  
  200  11:02  Marine  
  200  11:07  Advanced Ballistics  
  200  11:14  Barracks  
  200  11:15  Barracks  
  200  11:17  Barracks  
  200  11:18  Command Center, Missile Turret  
  200  11:19  Missile Turret  
  200  11:21  Missile Turret  
  200  11:22  Missile Turret  
  196  11:31  Marine  
  196  11:32  Marauder  
  197  11:37  Starport Reactor  
  197  11:39  Ghost Academy  
  197  11:43  Sensor Tower  
  181  12:02  Viking  
  181  12:03  Viking, Marine x2  
  181  12:04  Marine x5  
  192  12:16  Viking x3  
  192  12:22  Refinery  
  198  12:23  Terran Infantry Weapons Level 3  
  193  12:32  Viking  
  193  12:35  Marine  
  193  12:36  Marauder  
  198  12:37  Viking  
  198  12:39  Terran Ship Weapons Level 2  
  198  12:41  Terran Infantry Armor Level 3  
  197  12:48  Viking  
  162  13:07  Marine x6  
  162  13:08  Marauder x2  
  162  13:11  Marine x2  
  162  13:12  Liberator x3  
  147  13:13  Liberator  
  140  13:24  Marine  
  140  13:25  SCV, Marine x3  
  140  13:26  SCV  
  156  13:38  Barracks Tech Lab x2  
  156  13:39  Barracks Reactor  
  156  13:40  Marine  
  156  13:41  Liberator  
  156  13:42  Marine x3  
  159  13:55  Liberator  
  152  13:58  Marauder  
  152  13:59  Marauder x2, Marine  
  152  14:00  Marauder, Marine  
  155  14:08  Marauder, Marine  
  154  14:11  Planetary Fortress  
  157  14:18  Viking x2  
  157  14:20  Viking  
  157  14:23  Marauder  
  164  14:31  Liberator  
  164  14:38  Marine  
  164  14:39  Marauder  
  164  14:41  Marauder, Medivac, Marine  
  171  14:46  Missile Turret, Marine x2  
  171  14:47  Marauder  
  171  14:48  Marine  
  171  14:49  Marine x2  
  171  14:51  SCV x3, Liberator  
  183  14:55  SCV  
  184  15:02  SCV  
  184  15:03  SCV  
  185  15:08  Medivac x2  
  179  15:29  Marine  
  179  15:32  Ghost x5  
  179  15:33  Marine  
  189  15:49  Command Center, Refinery  
  189  15:56  Marine x3  
  192  16:00  Ghost  
  192  16:01  Marauder  
  192  16:02  Orbital Command  
  192  16:03  Terran Ship Weapons Level 3  
  194  16:05  Personal Cloaking  
  193  16:32  Liberator  
  193  16:37  Marine x8  
  193  16:38  Marauder  
  194  16:46  Marine x2  
  191  16:49  Medivac x4  
  198  16:55  Marine x3  
  197  17:01  Liberator  
  197  17:02  Liberator x3  
  197  17:04  Marine x2  
  181  17:16  Liberator  
  192  17:40  Marine x5  
  192  17:41  Marauder, Marine  
  199  17:48  Marine  
  199  17:51  Liberator  
  188  18:18  Marine  
  188  18:19  Marauder, Marine  
  188  18:21  Marine  
  188  18:22  Marine x7  
  178  18:36  Marine  
  178  18:37  Marine  
  178  18:39  Marine  
  178  18:40  Marauder x2, Marine x6  
  182  18:54  Marine x2  
  184  18:57  Marine x4  
  184  18:58  Marauder x2  
  184  18:59  Marauder  
  184  19:01  Marine  
  184  19:02  Marauder  
  197  19:06  Command Center x2  
  197  19:12  Marine x2  
  197  19:15  Marine x2  
  196  19:18  Marine  
  196  19:19  Marine  

Tags
 
Add a new tag
Caveats
  • Supply blocks, unpowered buildings, or Contaminate may cause inaccurate times.
  • Supply counts are checked every 10 seconds.